 Dungeon Crawl Stone Soup version 0.14.2 (webtiles) character file.

590 Amnesiac the Charlatan (level 7, 0/35 HPs)
             Began as a Spriggan Artificer on Feb 4, 2018.
             Was a Priest of Nemelex Xobeh.
             Slain by an iguana (12 damage)
             ... on Level 4 of the Dungeon.
             The game lasted 00:10:46 (5615 turns).

Amnesiac the Charlatan (Spriggan Artificer)         Turns: 5615, Time: 00:10:46

HP   0/35        AC  2     Str  7      XL: 7   Next:  7%
MP  21/21        EV 24     Int 13      God: Nemelex Xobeh [***...]
Gold 43          SH  0     Dex 19      Spells:  0 memorised,  6 levels left

rFire  . . .     SeeInvis +     a - +1 short sword
rCold  . . .     Clarity  +     e - +0 robe
rNeg   + . .     Conserve .     (shield restricted)
rPois  .         rCorr    .     (helmet restricted)
rElec  .         rRot     .     (no cloak)
SustAb . .       Spirit   .     (gloves unavailable)
rMut   .         Warding  .     (boots unavailable)
Saprov . . .     Stasis   .     y - amulet of clarity
MR     +....                    (no ring)
                                q - ring of positive energy

@: very quick, somewhat resistant to hostile enchantments, fairly stealthy
A: unfitting armour, see invisible, herbivore 3, speed 3, slow metabolism 2
a: Draw One, Peek at Two, Triple Draw, Renounce Religion


You were on level 4 of the Dungeon.
You worshipped Nemelex Xobeh.
Nemelex Xobeh was most pleased with you.
You were not hungry.

You visited 1 branch of the dungeon, and saw 4 of its levels.

You collected 241 gold pieces.
You spent 198 gold pieces at shops.

Inventory:

Hand weapons
 a - a +1,+1 short sword (weapon)
Armour
 e - a +0 robe (worn)
Magical devices
 c - a wand of enslavement (15)
 k - a wand of fire (2)
 n - a wand of teleportation (2)
Comestibles
 h - a bread ration
Scrolls
 i - 3 scrolls of identify {!r}
 j - a scroll of teleportation {!r}
 v - a scroll of enchant weapon II {!r}
Jewellery
 p - an uncursed ring of teleportation
 q - a ring of positive energy (left hand)
 y - an amulet of clarity (around neck)
Potions
 b - a potion of invisibility {!q, unknown}
 l - 2 potions of curing {!q}
 m - a potion of resistance {!q, unknown}
 r - a potion of haste {!q, unknown}
 t - a potion of brilliance {!q}
Miscellaneous
 f - a plain deck of escape {drawn: 1}
 g - an ornate deck of summonings {drawn: 2}


   Skills:
 + Level 2.7 Fighting
 - Level 1.1 Short Blades
 * Level 7.5 Dodging
 - Level 1.5 Stealth
 * Level 7.8 Evocations


You had 6 spell levels left.
You didn't know any spells.

Dungeon Overview and Level Annotations

Branches:
Dungeon (4/15)
 Temple: D:4-7

Altars:
Nemelex Xobeh
Trog

Shops:
D:4 }


Innate Abilities, Weirdness & Mutations

You are tiny and cannot use many weapons and most armour.
You have supernaturally acute eyesight.
You are a herbivore.
You cover ground extremely quickly.
You need consume almost no food.


Message History

The iguana misses you.
You barely miss the iguana.
The iguana is moderately wounded.
The iguana barely misses you.
You hit the iguana.
The iguana is moderately wounded.
The iguana bites you!
* * * LOW HITPOINT WARNING * * *
You barely miss the iguana.
The iguana is moderately wounded.
The iguana closely misses you.
You hit the iguana.
The iguana is heavily wounded.
The iguana misses you.
You barely miss the iguana.
The iguana is heavily wounded.
The iguana misses you.
You hit the iguana.
The iguana is severely wounded.
The iguana misses you.
A ball python comes into view.
You closely miss the iguana.
The iguana is severely wounded.
The iguana closely misses you. The iguana misses you.
You hit the iguana but do no damage.
The iguana is severely wounded.
The iguana bites you!
* * * LOW HITPOINT WARNING * * *
You barely miss the iguana.
The iguana is severely wounded.
The iguana completely misses you.
You hit the iguana but do no damage.
The iguana is severely wounded.
The iguana hisses menacingly.
The iguana misses you.
There is an escape hatch in the floor here.
You barely miss the ball python. The ball python misses you.
The ball python misses you.
Unknown command.
You hit the ball python.
You kill the ball python!
You hit the iguana but do no damage.
The iguana is severely wounded.
The iguana misses you.
You barely miss the iguana.
The iguana is severely wounded.
The iguana completely misses you.
You hit the iguana but do no damage.
The iguana is severely wounded.
The iguana misses you.
You closely miss the iguana.
The iguana is severely wounded.
The iguana misses you.
You closely miss the iguana.
The iguana is heavily wounded.
The iguana completely misses you.
You hit the iguana but do no damage.
The iguana is heavily wounded.
The iguana closely misses you.
You barely miss the iguana.
The iguana is heavily wounded.
The iguana bites you!
You die...
Your body disappears without a glow.

#...................#
#...................#
#.....(.............#
#...................#
#..............<....#
#...................#
#...................#
#...................#
#............l@.....#
#............%......#
#...................#
#...................#
#........>..........#
#...................#
#..?.....>..........#
..?...=............
..................


You could see an iguana.

Vanquished Creatures
  2 ogres (D:4)
  2 worker ants (D:4)
  4 adders
  7 gnolls
  A giant mite (D:2)
  A worm (D:2)
  6 giant geckos
  4 orcs (D:4)
  3 ball pythons
  9 bats
  13 goblins
  5 hobgoblins
  12 jackals
  A quokka (D:4)
  2 giant cockroaches (D:1)
  4 giant newts
  A jackal zombie (D:3)
  7 kobolds
  A kobold skeleton (D:4)
  9 rats
  2 plants (D:1)
96 creatures vanquished.

Vanquished Creatures (collateral kills)
  Duvessa (D:4)
  Dowan (D:4)
  An orc priest (D:4)
  A worker ant (D:4)
  An adder (D:4)
  2 worms (D:4)
  4 orcs (D:4)
  3 hobgoblins
  A kobold (D:2)
  A goblin (D:4)
16 creatures vanquished.

Vanquished Creatures (others)
  A wizard (D:3)
  A black bear (D:4)
2 creatures vanquished.

Grand Total: 114 creatures vanquished

Notes
Turn   | Place    | Note
--------------------------------------------------------------
     0 | D:1      | Amnesiac, the Spriggan Artificer, began the quest for the Orb.
     0 | D:1      | Reached XP level 1. HP: 9/9 MP: 2/2
    27 | D:1      | Reached skill level 1 in Fighting
   588 | D:1      | Reached XP level 2. HP: 12/14 MP: 5/5
  1360 | D:2      | Reached XP level 3. HP: 18/18 MP: 8/8
  1928 | D:2      | Found a sparkling altar of Nemelex Xobeh.
  1933 | D:2      | Became a worshipper of Nemelex Xobeh the Trickster
  2015 | D:2      | Received a gift from Nemelex Xobeh
  2697 | D:2      | Acquired Nemelex Xobeh's first power
  2748 | D:2      | Reached skill level 5 in Dodging
  2792 | D:2      | Reached skill level 5 in Evocations
  2816 | D:2      | Reached XP level 4. HP: 4/22 MP: 11/11
  3873 | D:3      | Acquired Nemelex Xobeh's second power
  4355 | D:3      | Found a bloodstained altar of Trog.
  4355 | D:3      | Noticed a wizard
  4361 | D:3      | Killed a wizard
  4638 | D:4      | Reached XP level 5. HP: 22/26 MP: 14/14
  4648 | D:4      | Reached skill level 6 in Dodging
  4945 | D:4      | Received a gift from Nemelex Xobeh
  5182 | D:4      | Noticed Dowan
  5183 | D:4      | Noticed Duvessa
  5196 | D:4      | Killed Dowan
  5198 | D:4      | Killed Duvessa
  5198 | D:4      | Reached XP level 6. HP: 25/30 MP: 18/18
  5399 | D:4      | Found Thitt's Gadget Shop.
  5416 | D:4      | Bought a wand of teleportation (2) for 198 gold pieces
  5434 | D:4      | Noticed an ogre
  5438 | D:4      | Noticed an ogre
  5451 | D:4      | Killed an ogre
  5451 | D:4      | Reached skill level 7 in Dodging
  5456 | D:4      | Killed an ogre
  5475 | D:4      | Reached XP level 7. HP: 22/35 MP: 20/20
  5493 | D:4      | Acquired Nemelex Xobeh's third power
  5615 | D:4      | Slain by an iguana

Action                   |  1- 3 |  4- 6 |  7- 9 || total
-------------------------+-------+-------+-------++-------
Melee: Short sword       |   305 |   204 |    25 ||   534
Evoke: Wand              |     8 |    20 |     1 ||    29
       Deck              |     1 |     2 |       ||     3
  Use: Potion            |     1 |     1 |       ||     2
       Scroll            |       |    14 |       ||    14
 Stab: Sleeping          |     2 |     3 |       ||     5
       Betrayed ally     |       |     1 |       ||     1
